 Dungeon Crawl Stone Soup version 0.32-a0-391-gce5c0aab1b (webtiles) character file.

Game seed: 16212740913929605926

3 Zeldest the Slasher (level 1, -1/18 HPs)
             Began as a Coglin Monk on Feb 20, 2024.
             Slain by a ball python (3 damage)
             ... on level 1 of the Dungeon.
             The game lasted 00:00:07 (54 turns).

Zeldest the Slasher (Coglin Monk)                     Turns: 54, Time: 00:00:08

Health: -1/18      AC:  2    Str: 11    XL:     1   Next: 50%
Magic:  1/1        EV: 13    Int:  9    God:
Gold:   10         SH:  0    Dex: 16    Spells: 0/0 levels left

rFire   . . .        a - +0 falchion {Koruri}
rCold   . . .        d - orb {light}
rNeg    . . .        b - +0 robe
rPois   .            (no helmet)
rElec   .            (no cloak)
rCorr   .            (no gloves)
SInv    .            (no boots)
Will    .....        (no amulet)
Stlth   +            (no ring)
HPRegen 0.23/turn    (no ring)
MPRegen 0.07/turn

%: no passive effects
@: glowing, revving
A: off-hand wielding, slow wielding, warmup strikes, warmup strides
a: no special abilities


You were on level 1 of the Dungeon.
You visited 1 branch of the dungeon, and saw 1 of its levels.

You collected 10 gold pieces.

Inventory:

Hand Weapons
 a - a +0 falchion (weapon) {Koruri}
Armour
 b - a +0 robe (worn)
 d - an orb of light (worn)
Scrolls
 e - 3 scrolls of identify {unknown}
Potions
 c - a potion of ambrosia


   Skills:
 + Level 3.0 Fighting
 * Level 3.1 Long Blades
 + Level 2.7 Dodging


You couldn't memorise any spells.
You didn't know any spells.
Your spell library was empty.

Dungeon Overview and Level Annotations

Branches:
Dungeon (1/15) Zot: 5938

Altars:


Innate Abilities, Weirdness & Mutations

You can wield a second weapon in your off-hand.
It takes a long time for you to wield or remove held weapons.
Your first few attacks do less damage.
Your first movements take longer.


Message History

The rat moves out of view.
There are monsters nearby!
A frilled lizard comes into view.
The frilled lizard hisses angrily.
There are monsters nearby!
Found a viscous yellow potion.
The ball python bites you. The ball python grabs you.
The ball python constricts you.
There are monsters nearby!
You barely miss the ball python. The ball python barely misses you.
The ball python constricts you.
The giant cockroach bites you but does no damage.
The quokka bites you.
There are monsters nearby!
You closely miss the ball python. The ball python barely misses you.
The ball python constricts you.
The giant cockroach bites you but does no damage.
The quokka misses you. The ball python closely misses you.
The ball python constricts you.
There are monsters nearby!
You hit the ball python but do no damage.
The giant cockroach bites you but does no damage.
The quokka bites you. The ball python bites you.
The ball python constricts you.
The giant cockroach bites you but does no damage.
There are monsters nearby!
You are too injured to fight recklessly!
There are monsters nearby!
You are too injured to fight recklessly!
You are too injured to fight recklessly!
The ball python's grasp on you weakens, but your attempt to escape fails.
The quokka bites you.
* * * LOW HITPOINT WARNING * * *
The ball python barely misses you. The ball python constricts you.
* * * LOW HITPOINT WARNING * * *
The giant cockroach bites you.
* * * LOW HITPOINT WARNING * * *
The quokka barely misses you.
You escape the ball python's grasp.
Found a stone staircase leading down.
The ball python bites you.
You die...

..............#
#.##..........
......#..#.##.#
#.##..#......#
########.#.##.#
............ ##
#...##.#
##...#######
...####..##.# # ...
..........#.#!# #
..........#.#.#.#
................##.
.........?.@.......
...........Sr...###
#.......lB.r.......
#...####.###.......
#... ...( ....###
#.. ...... >.....
.. ........ ......#
.....l..........
...... ....


You could see a quokka, a giant cockroach, a ball python, a frilled lizard and a
rat.

Vanquished Creatures
  A bat (D:1)
  A kobold (D:1)
2 creatures vanquished.

Notes
Turn   | Place    | Note
-------+----------+-------------------------------------------
     0 | D:1      | Zeldest the Coglin Monk began the quest for the Orb.
     0 | D:1      | Reached XP level 1. HP: 18/18 MP: 1/1
    54 | D:1      | Slain by a ball python

Illustrated notes

Levels and vault maps discovered:
D:1:      wander_arrival_desolate, layout_basic

Action                     || total
---------------------------++-------
  Melee: Falchion          ||     9
 Armour: Robe              ||    16
  Dodge: Dodged            ||    12

Table legend: (Time is in decaauts)
 A = Elapsed time spent in this place.
 B = Non-inter-level travel time spent in this place.
 C = Inter-level travel time spent in this place.
 D = Time resting spent in this place.
 E = Time spent auto-exploring this place.
 F = Levels seen in this place.
 G = Mean time per level.
                   A        B        C        D        E       F      G
               +--------+--------+--------+--------+--------+-----+--------+
         Total |     59 |     59 |      0 |      0 |     32 |   1 |   59.0 |
       Dungeon |     59 |     59 |      0 |      0 |     32 |   1 |   59.0 |
               +--------+--------+--------+--------+--------+-----+--------+

Top non-repeatable levels by time:
     D:1: 59 daAuts
